 Dungeon Crawl Stone Soup version 0.15.0-16-gce31824 (webtiles) character file.

47 Johnny the Ruinous (level 3, 0/26 HPs)
             Began as a Draconian Conjurer on Sept 6, 2014.
             Slain by a gnoll
             ... wielding a +0 spear
              (8 damage)
             ... on Level 1 of the Dungeon.
             The game lasted 00:04:49 (1648 turns).

Johnny the Ruinous (Draconian Conjurer)             Turns: 1648, Time: 00:04:49

HP   0/26        AC  8     Str 10      XL: 3   Next: 48%
MP   0/6         EV 12     Int 16      God:
Gold 53          SH  0     Dex 11      Spells:  3 memorised,  0 levels left

rFire  . . .     SeeInvis .     l - -3 short sword (curse)
rCold  . . .     Clarity  .     (armour unavailable)
rNeg   . . .     rCorr    .     (no shield)
rPois  .         rRot     .     (helmet restricted)
rElec  .         Spirit   .     h - +2 cloak
SustAb .         Warding  .     (no gloves)
rMut   .         Stasis   .     (no boots)
Gourm  .                        (no amulet)
MR     .....                    (no ring)
                                (no ring)

@: very slightly contaminated, not resistant to hostile enchantments, unstealthy
A: unfitting armour, cold-blooded, AC +5
a: no special abilities


You were on level 1 of the Dungeon.
You were not hungry.

You visited 1 branch of the dungeon, and saw 2 of its levels.

You collected 53 gold pieces.

Inventory:

Hand weapons
 a - a +0 hand axe
 l - a cursed -3 short sword (weapon)
Armour
 h - a +2 cloak (worn)
Comestibles
 b - a bread ration
 i - a meat ration
Potions
 e - a potion of porridge
 g - a potion of flight
Books
 c - a book of Conjurations

   Spells                             Type                      Level
   *Magic Dart                        Conjuration                  1
   *Searing Ray                       Conjuration                  2
   *Dazzling Spray                    Conjuration/Hexes            3
   Fulminant Prism                    Conjuration/Hexes            4
   Iskenderun's Mystic Blast          Conjuration                  4
   Iskenderun's Battlesphere          Conjuration/Charms           5


   Skills:
 - Level 0.2 Fighting
 - Level 0.6 Axes
 * Level 2.5 Dodging
 - Level 1.8 Stealth
 * Level 2.1 Spellcasting
 * Level 4.5 Conjurations
 * Level 0.0 Hexes


You couldn't memorise any spells.
You knew the following spells:

 Your Spells              Type           Power        Failure   Level  Hunger
a - Magic Dart            Conj           ###.         3%          1    #......
b - Searing Ray           Conj           ###...       6%          2    ###....
c - Dazzling Spray        Conj/Hex       #.......     28%         3    ####...


Dungeon Overview and Level Annotations

Branches:
Dungeon (2/15)

Altars:


Innate Abilities, Weirdness & Mutations

Your plain brown scales are hard (AC +5).
Your body does not fit into most forms of armour.
Your cold-blooded metabolism reacts poorly to cold.


Message History

Casting: Searing Ray
Confirm with . or Enter, or press ? or * to list all spells.
You don't have enough magic to cast that spell.
Firing (i - inventory): No suitable missiles.
Press: ? - help, Shift-Dir - straight line, f/p - gnoll
Aim: a gnoll, wielding a spear (moderately wounded)
Okay, then.
Casting: Searing Ray
Confirm with . or Enter, or press ? or * to list all spells.
You don't have enough magic to cast that spell.
Casting: Searing Ray
Confirm with . or Enter, or press ? or * to list all spells.
Aiming: Dazzling Spray
Press: ? - help, Shift-Dir - straight line, f/p - gnoll
Aim: a gnoll, wielding a spear (moderately wounded)
You miscast Dazzling Spray.
You are very lightly contaminated with residual magic.
The air around you crackles with energy!
The gnoll hits you from afar with a spear!
You die...

#.####.#.#.#########.#...
#........................
#........................
#.####.#.#.##########.... #.#
#.#.#.# #..... #.# #.....#
###..... #######.####.#.#[###
#.#.....
#............).#...#####.#.....
#.#####.####..@.g..............
##.#####.####...#......##.#.....
#...............................
##.####..##.#..#################
#.# #..##.#..#################
#.# #..##.#..##...##...##.....
#.####..##.#..##..###.##.##...#
#.............##.#..#..#.#..#..
#..###........##..####.##..#..#


You could see a gnoll.

Vanquished Creatures
  A gnoll (D:1)
  An adder (D:1)
  A giant cockroach (D:1)
  6 hobgoblins (D:1)
  2 jackals (D:1)
  A quokka (D:2)
  5 bats
  2 giant newts (D:1)
  A goblin (D:1)
  6 kobolds
  5 rats (D:1)
31 creatures vanquished.

Notes
Turn   | Place    | Note
--------------------------------------------------------------
     0 | D:1      | Johnny, the Draconian Conjurer, began the quest for the Orb.
     0 | D:1      | Reached XP level 1. HP: 14/14 MP: 3/3
   414 | D:1      | Reached XP level 2. HP: 12/20 MP: 4/4
   793 | D:1      | Reached XP level 3. HP: 23/26 MP: 6/6
   931 | D:1      | Learned a level 2 spell: Searing Ray
   935 | D:1      | Learned a level 3 spell: Dazzling Spray
  1648 | D:1      | Slain by a gnoll

Action                   || total
-------------------------++-------
Melee: Hand axe          ||    60
       Unarmed           ||    17
       Short sword       ||     4
 Cast: Magic Dart        ||    30
       Dazzling Spray    ||     2
       Searing Ray       ||     2
  Use: Scroll            ||     3
  Eat: Chunk             ||     2
       Royal jelly       ||     1
